 Seeded DCSS version 0.29-a0-563-g64e4043184 (webtiles) character file.

Game seed: 8572682691686822440 (custom seed)

139 happo123 the Sneak (level 5, -2/29 HPs)
             Began as a Vampire Enchanter on June 12, 2022.
             Slain by Grinder (5 damage)
             ... on level 3 of the Dungeon.
             The game lasted 00:08:21 (2458 turns).

happo123 the Sneak (Vampire Enchanter)              Turns: 2458, Time: 00:08:21

Health: -2/29      AC:  5    Str:  7    XL:     5   Next: 1%
Magic:  1/8        EV: 13    Int: 19    God:
Gold:   159        SH:  0    Dex: 15    Spells: 3/8 levels left

rFire   . . .      SeeInvis +   a - +1 dagger
rCold   + + .      Faith    .   f - orb {guile}
rNeg    + + +      Spirit   .   b - +0 robe
rPois   ∞          Reflect  .   l - +1 helmet
rElec   .          Harm     .   (no cloak)
rCorr   .          Rampage  .   (no gloves)
Will    .....                   e - +0 pair of boots
Stlth   +++++.....              i - amulet of regeneration
HPRegen 0.00/turn               (no ring)
MPRegen 0.11/turn               (no ring)

@: bloodless, inhibited regen
A: bloodless, fangs 3, see invisible, vampiric 2
a: Bat Form, Revivify


You were on level 3 of the Dungeon.
You visited 1 branch of the dungeon, and saw 3 of its levels.

You collected 159 gold pieces.

Inventory:

Hand Weapons
 a - a +1 dagger (weapon)
Armour
 b - a +0 robe (worn)
 e - a +0 pair of boots (worn)
 f - an orb of guile (worn)
 l - a +1 helmet (worn)
Jewellery
 i - an amulet of regeneration (around neck)
Wands
 r - a wand of polymorph (6)
Scrolls
 d - 2 scrolls of fear {unknown}
 g - a scroll of magic mapping {unknown}
 j - 3 scrolls of teleportation {unknown}
 k - a scroll of blinking {unknown}
 n - a scroll of summoning {unknown}
Potions
 c - 2 potions of invisibility
 h - a potion of curing {unknown}
 m - a potion of heal wounds {unknown}
 o - a potion of flight {unknown}
 p - a potion of resistance {unknown}
 q - a potion of lignification {unknown}
 s - a potion of ambrosia {unknown}


   Skills:
 + Level 1.2 Fighting
 + Level 1.7 Short Blades
 + Level 2.8 Dodging
 * Level 5.6 Stealth
 + Level 2.4 Spellcasting
 * Level 5.6 Hexes
 + Level 1.0 Ice Magic


You had 3 spell levels left.
You knew the following spells:

 Your Spells              Type           Power      Damage    Failure   Level
a - Ensorcelled Hibernat  Hex/Ice        30%        N/A       6%          2
b - Confusing Touch       Hex            23%        N/A       4%          3

Your spell library contained the following spells:

 Spells                   Type           Power      Damage    Failure   Level
 Tukima's Dance           Hex            23%        N/A       4%          3
 Freeze                   Ice            24%        1d5       11%         1
 Dazzling Flash           Conj/Hex       26%        N/A       16%         3
 Frozen Ramparts          Ice            12%        1d3       32%         3
 Hailstorm                Conj/Ice       4%         3d4       78%         4


Dungeon Overview and Level Annotations

Branches:
Dungeon (3/15)

Altars:

Annotations:
D:3 Grinder


Innate Abilities, Weirdness & Mutations

You do not regenerate when monsters are visible.
You are frail without blood (-20% HP).
You can heal yourself when you bite living creatures.
You are immune to poison.
You have razor-sharp teeth.
You have supernaturally acute eyesight. (SInv)
You are afflicted with vampirism and can become a bat while bloodless.


Message History

You bite the adder, and draw its blood!
You feel better.
You impale the adder!!
You kill the adder!
Grinder closely misses you.
Your Ice Magic skill increases to level 1!
You have reached level 5!
You feel agile.
You hit Grinder.
Grinder is lightly wounded.
You hit Grinder.
Grinder is lightly wounded.
Grinder hits you.
Grinder completely misses herself.
You hit Grinder. You bite Grinder, but do no damage.
Grinder is lightly wounded.
You hit Grinder.
Grinder is moderately wounded.
Grinder hits you.
* * * LOW HITPOINT WARNING * * *
Casting: Ensorcelled Hibernation (safe; 6% risk of failure)
Confirm with . or Enter, or press ? or * to list all spells.
The spell is quite dangerous to miscast (4% risk of failure)!
Continue anyway? [Y]es or [N]o only, please.
The spell is quite dangerous to miscast (4% risk of failure)!
Continue anyway? [Y]es or [N]o only, please.
The spell is quite dangerous to miscast (4% risk of failure)!
Continue anyway? [Y]es or [N]o only, please.
The spell is quite dangerous to miscast (4% risk of failure)!
Continue anyway? [Y]es or [N]o only, please.
The spell is quite dangerous to miscast (4% risk of failure)!
Continue anyway?
Your hands begin to glow red.
Grinder hits you.
* * * LOW HITPOINT WARNING * * *
You hit Grinder but do no damage.
Grinder appears confused.
Grinder is moderately wounded.
Grinder hits you.
* * * LOW HITPOINT WARNING * * *
You hit Grinder.
Grinder is moderately wounded.
You hit Grinder but do no damage.
Grinder is moderately wounded.
Grinder hits you.
You die...

.. ..###.# #....
.##.#...# #.##. .......#
#.##. ####.#...#####.##[
#.........<.##.##.
#.##...........##.
#.#####..##.#####.
..#.###.#####..##.# #.
......†@....#..##.#####.
#######5###.#...........
#.# ##....###### #.#
####.# #.# #.###### #.#
###....†.. #.#
......(... #..
....###.#. ######.##.


You could see Grinder (confused).

Vanquished Creatures
  Jessica (D:3)
  5 adders
  2 worms (D:3)
  3 dart slugs
  An orc (D:3)
  7 ball pythons
  5 endoplasms
  A giant cockroach (D:2)
  2 goblins (D:2)
  5 hobgoblins
  2 quokkas
  7 bats
  4 frilled lizards
  6 kobolds
  6 rats
57 creatures vanquished.

Notes
Turn   | Place    | Note
-------+----------+-------------------------------------------
     0 | D:1      | happo123 the Vampire Enchanter began the quest for the Orb.
     0 | D:1      | Reached XP level 1. HP: 13/13 MP: 3/3
    50 | D:1      | Found a faded altar of an unknown god.
   220 | D:1      | Reached XP level 2. HP: 17/19 MP: 5/5
   223 | D:1      | Learned a level 2 spell: Ensorcelled Hibernation
  1098 | D:2      | Reached skill level 5 in Stealth
  1112 | D:2      | Gained mutation: You are afflicted with vampirism and can
                  | become a bat while bloodless. [Vampire growth]
  1112 | D:2      | Reached XP level 3. HP: 15/20 MP: 0/6
  1127 | D:2      | Reached skill level 5 in Hexes
  1296 | D:2      | Learned a level 3 spell: Confusing Touch
  1875 | D:2      | Reached XP level 4. HP: 24/24 MP: 4/7
  1956 | D:3      | Noticed Jessica
  1963 | D:3      | Killed Jessica
  1964 | D:3      | Reached skill level 1 in Fighting
  2436 | D:3      | Noticed Grinder
  2451 | D:3      | Reached skill level 1 in Ice Magic
  2451 | D:3      | Reached XP level 5. HP: 13/29 MP: 3/8
  2458 | D:3      | Slain by Grinder

Illustrated notes

Levels and vault maps discovered:
D:1:      ncdulo_lavacross, layout_basic, serial_rivers,
          chequers_serial_rivers_marsh, chequers_serial_rivers_micro_c,
          chequers_serial_rivers_large_a, chequers_serial_rivers_small_a,
          chequers_serial_rivers_micro_e, chequers_serial_rivers_room_b,
          ebering_ecumenical_altar_box, serial_bayou_ford_a
D:2:      layout_loops_ring, minmay_surrounded
D:3:      layout_loops_ring, item_on_display_b, uniq_jessica, uniq_grinder

Skill      XL: |  1  2  3  4 |
---------------+-------------+-----
Stealth        | 5 |  5.6
Hexes          | 5 |  5.6
Fighting       | 1 |  1.2
Ice Magic      | 1 |  1.0
Short Blades   | |  1.7
Dodging        | |  2.8
Spellcasting   | |  2.4

Action                   |  1- 3 |  4- 6 || total
-------------------------+-------+-------++-------
Melee: Dagger            |   110 |    32 ||   142
       Bite              |     6 |     2 ||     8
 Cast: Ensorcelled Hiber |    23 |     9 ||    32
       Confusing Touch   |       |     2 ||     2
 Abil: Exsanguinate      |     1 |       ||     1
 Stab: Sleeping          |    26 |    11 ||    37
Armor: Robe              |    42 |     1 ||    43
Dodge: Dodged            |    83 |    19 ||   102

Table legend: (Time is in decaauts)
 A = Elapsed time spent in this place.
 B = Non-inter-level travel time spent in this place.
 C = Inter-level travel time spent in this place.
 D = Time resting spent in this place.
 E = Time spent auto-exploring this place.
 F = Levels seen in this place.
 G = Mean time per level.
                   A        B        C        D        E       F      G
               +--------+--------+--------+--------+--------+-----+--------+
         Total |   2481 |   2331 |    150 |     86 |   1669 |   3 |  827.0 |
       Dungeon |   2481 |   2331 |    150 |     86 |   1669 |   3 |  827.0 |
               +--------+--------+--------+--------+--------+-----+--------+

Top non-repeatable levels by time:
     D:1: 1027 daAuts
     D:2: 953 daAuts
     D:3: 500 daAuts
